 Dungeon Crawl Stone Soup version 0.28-a0-1518-gbe868bca14 (webtiles) character file.

Game seed: 8499624579220980403

1139 pokeman the Thaumaturge (level 8, -9/45 HPs)
             Began as a Deep Elf Hedge Wizard on Jan 16, 2022.
             Was an Initiate of Vehumet.
             Killed by nerve-wracking pain
             ... invoked by Menkaure
              (14 damage)
             ... on level 5 of the Dungeon.
             The game lasted 00:12:13 (7117 turns).

pokeman the Thaumaturge (Deep Elf Hedge Wizard)     Turns: 7117, Time: 00:12:14

Health: -9/45      AC:  4    Str:  7    XL:     8   Next: 14%
Magic:  4/23       EV: 12    Int: 22    God:    Vehumet [......]
Gold:   226        SH:  0    Dex: 14    Spells: 14/25 levels left

rFire   . . .      SeeInvis .   k - +0 triple sword
rCold   . . .      Faith    .   (shield currently unavailable)
rNeg    . . .      Spirit   .   f - +0 leather armour
rPois   .          Reflect  .   c - +0 hat
rElec   .          Harm     .   (no cloak)
rCorr   .          Rampage  .   (no gloves)
Will    .....                   o - +0 pair of boots
Stlth   ++........              (no amulet)
HPRegen 0.15/turn               (no ring)
MPRegen 0.18/turn               (no ring)

@: on blink cooldown, very slightly contaminated
A: no striking features
a: Renounce Religion


You were on level 5 of the Dungeon.
You worshipped Vehumet.
Vehumet was noncommittal.
You visited 2 branches of the dungeon, and saw 7 of its levels.

You collected 226 gold pieces.

Inventory:

Hand Weapons
 k - a +0 triple sword (weapon)
 n - a +0 shortbow
 v - a +0 arbalest
Missiles
 b - 84 arrows
 i - 12 bolts
Armour
 c - a +0 hat (worn)
 f - a +0 leather armour (worn)
 o - a +0 pair of boots (worn)
Wands
 m - a wand of digging (1)
 p - a wand of polymorph (9)
Scrolls
 d - 4 scrolls of immolation {unknown}
 e - 4 scrolls of identify {unknown}
 g - a scroll of enchant armour {unknown}
 h - a scroll of fog {unknown}
 r - a scroll of teleportation {unknown}
 s - 2 scrolls of enchant weapon {unknown}
 t - a scroll of magic mapping {unknown}
 w - a scroll of noise {unknown}
Potions
 a - a potion of might {unknown}
 j - 4 potions of curing
 l - 2 potions of berserk rage {unknown}
 q - a potion of lignification {unknown}
 u - 2 potions of brilliance


   Skills:
 + Level 2.6 Fighting
 - Level 1.0 Armour
 - Level 3.0 Dodging
 - Level 3.1 Stealth
 * Level 9.2 Spellcasting
 + Level 4.7 Conjurations
 - Level 1.1 Summonings
 - Level 1.1 Translocations
 + Level 3.3 Fire Magic
 - Level 1.2 Air Magic
 - Level 1.0 Poison Magic
 - Level 1.0 Evocations


You had 14 spell levels left.
You knew the following spells:

 Your Spells              Type           Power      Damage    Failure   Level
a - Magic Dart            Conj           100%       1d8       1%          1
b - Mephitic Cloud        Conj/Pois/Air  20%        N/A       11%         3
c - Call Imp              Summ           14%        N/A       10%         2
d - Blink                 Tloc           28%        N/A       10%         2
e - Conjure Flame         Conj/Fire      27%        6-21      5%          3

Your spell library contained the following spells:

 Spells                   Type           Power      Damage    Failure   Level
 Poisonous Vapours        Pois/Air       30%        N/A       9%          2
 Animate Skeleton         Necr           20%        N/A       10%         1
 Pain                     Necr           40%        1d6       10%         1
 Slow                     Hex            40%        N/A       10%         1
 Corpse Rot               Necr/Air       24%        N/A       12%         2
 Ozocubu's Armour         Ice            10%        N/A       28%         3
 Vampiric Draining        Necr           10%        2d6       28%         3
 Ice Form                 Ice/Tmut       10%        N/A       67%         4
 Manifold Assault         Tloc           14%        N/A       86%         5
 Ozocubu's Refrigeration  Ice            5%         4d6       100%        7


Dungeon Overview and Level Annotations

Branches:
Dungeon (6/15)             Temple (1/1) D:4

Altars:
Ashenzari
Cheibriados
Dithmenos
Elyvilon
Fedhas
Gozag
Hepliaklqana
Kikubaaqudgha
Makhleb
Nemelex Xobeh
Okawaru
Qazlal
Ru
Sif Muna
Trog
Uskayaw
Vehumet
Wu Jian
Xom
Yredelemnul
Zin
The Shining One

Annotations:
D:5 Menkaure


Message History

Aim: Menkaure (moderately damaged, fast, 100% to hit)
The magic dart hits Menkaure.
Menkaure is heavily damaged.
Casting: Magic Dart (safe; 1% risk of failure)
Confirm with . or Enter, or press ? or * to list all spells.
Aiming: Magic Dart (safe; 1% risk of failure)
Press: ? - help, Shift-Dir - straight line, f/p - Menkaure
Aim: Menkaure (moderately damaged, fast, 100% to hit)
The magic dart hits Menkaure.
Menkaure is heavily damaged.
Casting: Magic Dart (safe; 1% risk of failure)
Confirm with . or Enter, or press ? or * to list all spells.
Aiming: Magic Dart (safe; 1% risk of failure)
Press: ? - help, Shift-Dir - straight line, f/p - Menkaure
Aim: Menkaure (heavily damaged, fast, 100% to hit)
The magic dart hits Menkaure but does no damage.
Menkaure is heavily damaged.
Casting: Magic Dart (safe; 1% risk of failure)
Confirm with . or Enter, or press ? or * to list all spells.
You blink.
Menkaure's bandages flutter.
Menkaure calls on the powers of darkness!
Your body is wracked with pain!
* * * LOW HITPOINT WARNING * * *
Unknown command.
You feel stable enough to blink again.
Casting: Blink (safe; 10% risk of failure)
Confirm with . or Enter, or press ? or * to list all spells.
You blink.
Casting: Blink (safe; 10% risk of failure)
Confirm with . or Enter, or press ? or * to list all spells.
You miscast Call Imp.
You are very lightly contaminated with residual magic.
Nothing appears to happen.
Casting: Call Imp (safe; 10% risk of failure)
Confirm with . or Enter, or press ? or * to list all spells.
A beastly little devil appears in a puff of flame.
Menkaure casts a spell at you. Pain shoots through your body!
You die...

#<# #.## #†#
####.## #.#
#...... #.#
#<##.## #.# #.##.#
#######.####.##.#
#...............#
#5######.#.######
#@# #.#.#
#M######.#.##
#.#.....)...# ####
#.#.####.#..###...
#.#.# #.#........
#.#.####.#.####.##
#..........# #.#
#####.##.### #.#
##.##.# #.#


You could see Menkaure (fast, ally target) and a friendly crimson imp
(summoned).

Vanquished Creatures
  A sky beast (D:5)
  A centaur (D:5)
  Blork the orc (D:5)
  2 scorpions
  4 killer bees (D:5)
  A howler monkey (D:5)
  The ghost of AigisTheKnight the Magician, a weakling DsWz (D:3)
  A bullfrog zombie (D:5)
  4 hounds
  A jelly (D:4)
  Terence (D:3)
  An orc wizard (D:6)
  Natasha (thrice) (D:3)
  4 iguanas
  Ijyb (D:3)
  3 adders
  A shadow imp (D:5)
  A white imp (D:6)
  An ufetubus (D:4)
  A worm (D:2)
  3 dart slugs
  7 orcs
  4 endoplasms
  3 giant cockroaches
  7 goblins
  7 hobgoblins
  3 jackals
  5 kobolds
  5 quokkas
  4 ball pythons
  2 bats (D:1)
  3 frilled lizards
  5 rats
92 creatures vanquished.

Notes
Turn   | Place    | Note
-------+----------+-------------------------------------------
     0 | D:1      | pokeman the Deep Elf Hedge Wizard began the quest for the
                  | Orb.
     0 | D:1      | Reached XP level 1. HP: 10/10 MP: 7/7
   138 | D:1      | You fall into a shaft and drop 1 floor!
   300 | D:2      | Found a basalt altar of Yredelemnul.
   316 | D:2      | Reached XP level 2. HP: 15/15 MP: 1/9
   591 | D:1      | Noticed a golden eye
   797 | D:1      | Found a faded altar of an unknown god.
   802 | D:1      | Noticed a great orb of eyes
   893 | D:1      | Reached skill level 5 in Spellcasting
  1157 | D:1      | Reached XP level 3. HP: 20/20 MP: 8/11
  1161 | D:1      | Learned a level 3 spell: Mephitic Cloud
  1164 | D:1      | Learned a level 2 spell: Call Imp
  1167 | D:1      | Learned a level 2 spell: Blink
  1171 | D:1      | Learned a level 3 spell: Conjure Flame
  1219 | D:1      | Noticed a floating eye
  1222 | D:1      | Noticed a shining eye
  1639 | D:2      | Reached skill level 1 in Armour
  1939 | D:3      | Noticed Terence
  1954 | D:3      | Killed Terence
  1955 | D:3      | Reached skill level 1 in Fighting
  1955 | D:3      | Reached XP level 4. HP: 25/25 MP: 6/13
  2210 | D:3      | Noticed Ijyb
  2233 | D:3      | Killed Ijyb
  2441 | D:3      | Found a runed translucent gate.
  2441 | D:3      | Found a runed translucent gate.
  2441 | D:3      | Noticed AigisTheKnight's ghost (weakling DsWz)
  2442 | D:3      | Found a runed translucent gate.
  2523 | D:3      | Noticed Natasha
  2526 | D:3      | Killed Natasha
  2643 | D:3      | Reached skill level 6 in Spellcasting
  2776 | D:3      | Noticed Natasha
  2784 | D:3      | Killed Natasha
  2785 | D:3      | Reached skill level 1 in Fire Magic
  2785 | D:3      | Reached XP level 5. HP: 28/29 MP: 6/15
  3299 | D:3      | Noticed Natasha
  3303 | D:3      | Killed Natasha
  3845 | D:4      | Got the Compendium of Quantum Moulding
  3863 | D:4      | Reached skill level 1 in Air Magic
  3863 | D:4      | Reached XP level 6. HP: 34/34 MP: 7/17
  4076 | D:4      | Reached skill level 7 in Spellcasting
  4109 | D:4      | Found a staircase to the Ecumenical Temple.
  4122 | Temple   | Entered the Ecumenical Temple
  4342 | Temple   | Became a worshipper of Vehumet
  4638 | D:4      | Reached skill level 1 in Poison Magic
  4638 | D:4      | Reached skill level 1 in Evocations
  4893 | D:5      | Entered Level 5 of the Dungeon
  5165 | D:5      | Noticed a sky beast
  5186 | D:5      | Killed a sky beast
  5187 | D:5      | Reached XP level 7. HP: 38/38 MP: 14/20
  5249 | D:5      | Reached skill level 8 in Spellcasting
  5482 | D:5      | Noticed Blork the orc
  5754 | D:5      | Killed Blork the orc
  6290 | D:5      | Reached XP level 8. HP: 45/45 MP: 14/22
  6658 | D:3      | Killed AigisTheKnight's ghost
  6659 | D:3      | Reached skill level 9 in Spellcasting
  6868 | D:6      | Noticed a two-headed ogre
  6906 | D:6      | Noticed Menkaure
  7117 | D:5      | Killed from afar by Menkaure

Illustrated notes

Levels and vault maps discovered:
D:1:      tarquinn_simple_flora_water_a, layout_rooms,
          hellmonk_ecumenical_altar_watching_god
D:2:      cheibrodos_helix_gallery, layout_basic, basic_altar
D:3:      layout_loops_ring, gammafunk_ghost_split, chequers_hall_statues_y,
          uniq_terence, uniq_natasha, uniq_ijyb
D:4:      layout_basic, minmay_temple_entry_ruins
D:5:      layout_loops_ring, uniq_blork_the_orc
D:6:      minmay_general_purpose_star, layout_basic,
          nicolae_yredelemnul_ghost_church, uniq_menkaure, uniq_sigmund,
          uniq_maggie
Temple:   mainiacjoe_temple_hex_bubbles

Skill      XL: |  1  2  3  4  5  6  7  8 |
---------------+-------------------------+-----
Spellcasting   | 5 6 7 8 9 |  9.2
Armour         | 1 |  1.0
Conjurations   | 2 3 4 |  4.7
Fighting       | 1 2 |  2.6
Dodging        | 3 |  3.0
Fire Magic     | 1 3 |  3.3
Stealth        | 3 |  3.1
Air Magic      | 1 |  1.2
Poison Magic   | 1 |  1.0
Evocations     | 1 |  1.0
Summonings     | |  1.1
Translocations | |  1.1

Action                   |  1- 3 |  4- 6 |  7- 9 || total
-------------------------+-------+-------+-------++-------
Melee: Triple sword      |     2 |    15 |    22 ||    39
       Dagger            |     1 |       |       ||     1
 Cast: Magic Dart        |    89 |    71 |    61 ||   221
       Mephitic Cloud    |     2 |     8 |     6 ||    16
       Conjure Flame     |     2 |     5 |    10 ||    17
       Call Imp          |       |     4 |     3 ||     7
       Blink             |       |     1 |     3 ||     4
  Use: Potion            |       |       |     1 ||     1
 Stab: Confused          |       |     4 |     2 ||     6
Armor: Robe              |     3 |       |       ||     3
       Leather armour    |     3 |     1 |     7 ||    11
Dodge: Dodged            |    17 |    19 |    19 ||    55

Table legend: (Time is in decaauts)
 A = Elapsed time spent in this place.
 B = Non-inter-level travel time spent in this place.
 C = Inter-level travel time spent in this place.
 D = Time resting spent in this place.
 E = Time spent auto-exploring this place.
 F = Levels seen in this place.
 G = Mean time per level.
                   A        B        C        D        E       F      G
               +--------+--------+--------+--------+--------+-----+--------+
         Total |   7154 |   6919 |    235 |    972 |   4732 |   7 | 1022.0 |
       Dungeon |   6904 |   6697 |    207 |    972 |   4518 |   6 | 1150.7 |
        Temple |    249 |    221 |     28 |      0 |    214 |   1 |  249.0 |
               +--------+--------+--------+--------+--------+-----+--------+

Top non-repeatable levels by time:
     D:3: 1792 daAuts
     D:5: 1692 daAuts
     D:4: 1333 daAuts
     D:2: 1157 daAuts
     D:1: 889 daAuts
  Temple: 249 daAuts
     D:6: 39 daAuts
